 Dungeon Crawl Stone Soup version 0.21-a0-621-gc60411f (webtiles) character file.

1821 Amnesiac the Insei (level 9, -4/59 HPs)
             Began as an Octopode Transmuter on Dec 23, 2017.
             Incinerated by Vajrapani's ghost (5 damage)
             ... with a sticky flame
             ... on level 7 of the Dungeon.
             The game lasted 00:09:47 (5799 turns).

Amnesiac the Insei (Octopode Transmuter)            Turns: 5799, Time: 00:09:48

Health: -4/59      AC:  1    Str: 10    XL:     9   Next: 10%
Magic:  15/15      EV: 15    Int: 20    God:
Gold:   266        SH:  0    Dex: 15    Spells: 7/16 levels left

rFire    . . .     SeeInvis +     - Unarmed
rCold    . . .     Gourm    .   (no shield)
rNeg     . . .     Faith    +   (helmet restricted)
rPois    .         Spirit   .   w - amulet of faith
rElec    .         Reflect  .   e - ring of resist corrosion
rCorr    +         Harm     .   k - ring of stealth
MR       .....                  u - ring of see invisible
Stlth    ++........             (no ring)
HPRegen  0.19/turn              (no ring)
MPRegen  0.14/turn              (no ring)
                                (no ring)
                                (no ring)

@: brilliant, liquid flames, glowing, drained
A: almost no armour, stealthy swim, amphibious, 8 rings, constrict 8, camouflage
1, gelatinous body 1
a: no special abilities


You were on level 7 of the Dungeon.
You were not hungry.

You visited 2 branches of the dungeon, and saw 8 of its levels.

You collected 266 gold pieces.

Inventory:

Hand Weapons
 o - a +0 blowgun
 v - a +0 hunting sling of velocity
Missiles
 a - 105 arrows
 d - 14 poisoned needles
 g - 269 stones (quivered)
Jewellery
 e - a ring of resist corrosion (left tentacle)
 k - a ring of stealth (right tentacle)
 u - a ring of see invisible (on tentacle)
 w - an amulet of faith (around mantle)
Wands
 m - a wand of enslavement (6)
 p - a wand of acid (11)
Scrolls
 f - 3 scrolls of remove curse {!r}
 r - a scroll of fear {!r}
 t - 2 scrolls of enchant weapon {!r, unknown}
 y - a scroll of magic mapping {!r}
Potions
 h - a potion of lignification {!q, unknown}
 i - 2 potions of brilliance {!q}
 l - a potion of heal wounds {!q, unknown}
 n - a potion of invisibility {!q, unknown}
 q - a potion of might {!q}
 s - 3 potions of haste {!q}
 x - 2 potions of ambrosia {!q, unknown}
Comestibles
 b - 2 chunks of flesh
 c - 12 rations


   Skills:
 + Level 4.5(3.5) Fighting
 + Level 4.5(3.5) Dodging
 * Level 6.6(5.6) Unarmed Combat
 + Level 4.2(3.2) Spellcasting
 * Level 6.6(5.5) Transmutations


You had 7 spell levels left.
You knew the following spells:

 Your Spells              Type           Power        Failure   Level  Hunger
b - Sticks to Snakes      Tmut           #####...     1%          2    ##.....
c - Ice Form              Ice/Tmut       ####....     5%          4    ####...
e - Spider Form           Tmut/Pois      ####......   1%          3    ###....


Dungeon Overview and Level Annotations

Branches:
Dungeon (7/15)             Temple (1/1) D:5

Altars:
Ashenzari
Cheibriados
Dithmenos
Elyvilon
Gozag
Hepliaklqana
Kikubaaqudgha
Makhleb
Nemelex Xobeh
Qazlal
Ru
Sif Muna
Trog
Uskayaw
Vehumet
Wu Jian
Xom
Yredelemnul
Zin
The Shining One

Annotations:
D:5 exclusions: oklob sapling and two-headed ogre, Soeti's ghost, novice FoFi
D:6 Soeti's ghost, novice FoFi
D:7 1 transporter, Menkaure; Vajrapani's ghost, novice DEFE


Innate Abilities, Weirdness & Mutations

You cannot wear most types of armour.
You are very stealthy in the water. (Stealth+)
You are amphibious.
You can wear up to eight rings at the same time.
You can use your tentacles to constrict eight enemies at once.
Your skin changes colour to match your surroundings (Stealth+).
Your rubbery body absorbs attacks. (AC +1, EV +1)


Message History

The wight misses you.
You hit the wight.
The wight is severely damaged.
The howler monkey howls!
You hear a shout!
You barely miss the wight.
The wight is severely damaged.
The wight completely misses you.
You barely miss the wight.
The wight is severely damaged.
The wight hits you with a dagger of freezing!
You feel drained. The wight freezes you.
* * * LOW HITPOINT WARNING * * *
You hit the wight but do no damage.
The wight is severely damaged.
The wight hits you with a dagger of freezing.
* * * LOW HITPOINT WARNING * * *
You feel drained. The wight freezes you.
* * * LOW HITPOINT WARNING * * *
The howler monkey howls!
You hit the wight but do no damage.
The wight is severely damaged.
The wight misses you.
You hit the wight.
The wight is almost destroyed.
The wight barely misses you.
You hit the wight.
You destroy the wight!
Your transformation has ended.
The shadow imp gestures at you. Pain shoots through your body!
* * * LOW HITPOINT WARNING * * *
Really read
j - a scroll of teleportation {!r}?
As you read the scroll of teleportation {!r}, it crumbles to dust.
You feel strangely unstable.
Your surroundings suddenly seem different.
Found 17 sling bullets and 10 stones.
Found a transporter.
You start resting.
Eating one of 3 chunks of flesh.
You eat one of the 3 chunks of flesh.
This raw flesh tastes terrible.
Found a potion of resistance.
You see here 17 sling bullets.
Vajrapani's ghost turns its malevolent gaze towards you.
You see here 10 stones.
g - 269 stones (gained 10) Vajrapani's ghost sprays you with burning goo.
The sticky flame hits you!
You are covered in liquid flames!
* * * LOW HITPOINT WARNING * * *
You are covered in liquid flames!
* * * LOW HITPOINT WARNING * * *
Vajrapani's ghost hits you.
* * * LOW HITPOINT WARNING * * *
You feel drained.
You are covered in liquid flames!
* * * LOW HITPOINT WARNING * * *
Vajrapani's ghost sprays you with burning goo.
The sticky flame hits you!
You are covered in liquid flames!
* * * LOW HITPOINT WARNING * * *
Really quaff
i - 3 inky potions {!q}?
It was a potion of brilliance {!q}.
You feel clever all of a sudden.
You are covered in liquid flames!
You die...

#...............##.#.#
#...............##.#.#
#..................#.#
#......#####'#######.#
####>### #.:..# #.#
#.##########'####<#
#...#...........)##
#..............# ##
####@.............# §.§.
###..W..............#
§§§§.#...................#
#.#.§#...................#
.!©§§#©.(................#
#.#§§#..#.....############
§§§§§####...### §§.§§
#...# #### #####


You could see Vajrapani's ghost.

Vanquished Creatures
  The ghost of Amnesiac the Insei, an amateur OpTm (D:4)
  2 black bears (D:6)
  A phantom (D:6)
  6 ogres
  3 bullfrogs
  2 scorpions
  A wight (D:7)
  A howler monkey (D:5)
  A crimson imp (D:6)
  A centaur skeleton (D:5)
  A jelly (D:6)
  5 hounds
  An iron imp (D:6)
  Jessica (D:2)
  Natasha (thrice) (D:2)
  4 gnolls
  A howler monkey skeleton (D:4)
  3 adders
  2 oozes (D:3)
  4 worms
  4 dart slugs
  3 leopard geckos
  3 orcs
  5 ball pythons
  3 giant cockroaches
  12 hobgoblins
  2 jackals (D:1)
  2 quokkas (D:3)
  6 bats
  4 frilled lizards
  8 goblins
  A goblin skeleton (D:6)
  A goblin zombie (D:6)
  4 hobgoblin zombies (D:6)
  10 kobolds
  3 kobold zombies (D:6)
  9 rats
  2 plants (D:5)
126 creatures vanquished.

Notes
Turn   | Place    | Note
-------+----------+-------------------------------------------
     0 | D:1      | Amnesiac the Octopode Transmuter began the quest for the Orb.
     0 | D:1      | Reached XP level 1. HP: 13/13 MP: 3/3
   131 | D:1      | Reached XP level 2. HP: 15/18 MP: 5/5
   143 | D:1      | Learned a level 2 spell: Sticks to Snakes
   763 | D:1      | Reached XP level 3. HP: 22/24 MP: 6/6
   980 | D:1      | Learned a level 3 spell: Spider Form
  1398 | D:2      | Found a radiant altar of Vehumet.
  1483 | D:2      | Found a faded altar of an unknown god.
  1489 | D:2      | Reached XP level 4. HP: 22/29 MP: 3/7
  1508 | D:2      | Noticed Jessica
  1515 | D:2      | Killed Jessica
  1626 | D:2      | Reached XP level 5. HP: 27/34 MP: 5/8
  1804 | D:2      | Noticed Natasha
  1812 | D:2      | Killed Natasha
  1914 | D:2      | Noticed Natasha
  1921 | D:2      | Killed Natasha
  1938 | D:2      | Noticed Natasha
  2096 | D:2      | Killed Natasha
  2430 | D:3      | Found an opulent altar of Gozag.
  2465 | D:3      | Reached XP level 6. HP: 41/41 MP: 9/9
  2528 | D:3      | Found a sacrificial altar of Ru.
  3298 | D:4      | Learned a level 4 spell: Ice Form
  3327 | D:4      | Noticed Amnesiac's ghost (amateur OpTm)
  3339 | D:4      | Killed Amnesiac's ghost
  3414 | D:4      | Found an ornate altar of the Wu Jian Council.
  3422 | D:4      | Reached XP level 7. HP: 31/46 MP: 11/11
  3568 | D:4      | Reached skill level 5 in Unarmed Combat
  3568 | D:4      | Reached skill level 5 in Transmutations
  4134 | D:5      | Entered Level 5 of the Dungeon
  4134 | D:5      | Found a shattered altar of Ashenzari.
  4134 | D:5      | Found a shimmering altar of Xom.
  4147 | D:5      | Noticed Soeti's ghost (novice FoFi)
  4417 | D:5      | Reached XP level 8. HP: 46/54 MP: 4/12
  4655 | D:5      | Found a staircase to the Ecumenical Temple.
  4709 | Temple   | Entered the Ecumenical Temple
  4861 | D:5      | Noticed a two-headed ogre
  5165 | D:6      | Found a bloodstained altar of Trog.
  5202 | D:6      | Found a snail-covered altar of Cheibriados.
  5293 | D:6      | Found a glowing golden altar of the Shining One.
  5552 | D:6      | Noticed Soeti's ghost (novice FoFi)
  5560 | D:7      | Identified a paperback manual
  5566 | D:7      | Reached XP level 9. HP: 48/59 MP: 15/15
  5615 | D:7      | Found a transporter.
  5671 | D:7      | Noticed Vajrapani's ghost (novice DEFE)
  5678 | D:7      | Found a basalt altar of Yredelemnul.
  5678 | D:7      | Found an ancient bone altar of Kikubaaqudgha.
  5680 | D:7      | Noticed Menkaure
  5702 | D:7      | Found a transporter.
  5798 | D:7      | HP: 1/59 [Vajrapani's ghost/sticky flame (13)]
  5799 | D:7      | Incinerated by Vajrapani's ghost

Vault maps used:
D:1:      dpeg_arrival_fog
D:2:      overflow_temple_1_default, chequers_ecumenical_altar_island,
          first_ration, st_stairs_10, uniq_jessica, uniq_natasha
D:3:      nicolae_gozag_cash_rules_everything_around_me,
          nicolae_overflow_hidden_temple, grunt_decor_arrowhead
D:4:      lemuel_doored_altar
D:5:      chequers_temple_overflow_statue_of_worship, minmay_temple_entry_oklob,
          hangedman_decor_lopped
D:6:      nicolae_tso_besieged_by_evil, trog_ov_bears_minmay,
          kennysheep_mini_moat, kennysheep_slug_shrine,
          minmay_misc_feat_nine_boxes
D:7:      gammafunk_cloud_chamber, gammafunk_temple_of_torment, fedhas_altar_2,
          hangedman_misty_isle
Temple:   nicolae_temple_figure_zero

Skill      XL: |  1  2  3  4  5  6  7  8 |
---------------+-------------------------+-----
Fighting       | 2 3 4 |  4.5
Transmutations | 3 4 5 6 |  6.6
Unarmed Combat | 4 5 6 |  6.6
Dodging        | 3 4 |  4.5
Spellcasting   | 3 4 |  4.2

Action                   |  1- 3 |  4- 6 |  7- 9 || total
-------------------------+-------+-------+-------++-------
Melee: Unarmed           |    92 |   103 |   200 ||   395
       Constrict         |    23 |    21 |    20 ||    64
       Tentacles         |     9 |    17 |    33 ||    59
       Punch             |       |     6 |     6 ||    12
Throw: Stone             |    33 |   137 |    81 ||   251
 Cast: Spider Form       |     2 |     6 |    12 ||    20
  Use: Scroll            |       |       |    10 ||    10
       Potion            |       |       |     1 ||     1
 Stab: Sleeping          |     2 |       |     1 ||     3
  Eat: Chunk             |     2 |     8 |     9 ||    19
Armor: Skin              |    12 |     7 |     4 ||    23
Dodge: Dodged            |    65 |    52 |   112 ||   229

Table legend:
 A = Spawn XP
 B = Non-spawn XP
 C = Spawn XP percentage of total XP
 D = Spawn monster count
 E = Non-spawn monster count
 F = Spawn count percentage of total count
 G = Total turns spent on level
                    A         B        C        D         E        F      G
               +---------+---------+-------+---------+---------+-------+---------
         Total |       0 |    2602 |   0.0 |       0 |     124 |   0.0 |  5799
               +---------+---------+-------+---------+---------+-------+---------
           D:1 |       0 |      55 |   0.0 |       0 |      26 |   0.0 |  1554
           D:2 |       0 |     249 |   0.0 |       0 |      28 |   0.0 |   787
           D:3 |       0 |      52 |   0.0 |       0 |      22 |   0.0 |   951
           D:4 |       0 |     663 |   0.0 |       0 |      16 |   0.0 |   989
           D:5 |       0 |     300 |   0.0 |       0 |       7 |   0.0 |   502
           D:6 |       0 |     975 |   0.0 |       0 |      21 |   0.0 |   659
           D:7 |       0 |     308 |   0.0 |       0 |       4 |   0.0 |   239
               +---------+---------+-------+---------+---------+-------+---------
